 Dungeon Crawl Stone Soup version 0.31-a0-1178-gc5c9b8f871 (webtiles) character file.

Game seed: 9422041194873246905

46 grandjackal the Slasher (level 3, 0/30 HPs)
             Began as a Draconian Gladiator on Dec 12, 2023.
             Killed by divine providence
             ... invoked by an orc priest
              (10 damage)
             ... on level 2 of the Dungeon.
             The game lasted 00:01:14 (750 turns).

grandjackal the Slasher (Draconian Gladiator)        Turns: 750, Time: 00:01:14

Health: 0/30       AC:  5    Str: 16    XL:     3   Next: 46%
Magic:  3/3        EV: 13    Int:  8    God:
Gold:   11         SH:  0    Dex: 14    Spells: 2/2 levels left

rFire   + . .        a - +0 long sword
rCold   . . .        (no shield)
rNeg    . . .        (body armour unavailable)
rPois   .            b - +0 hat
rElec   .            (no cloak)
rCorr   .            (no gloves)
SInv    .            (no boots)
Will    .....        (no amulet)
Stlth   +            j - ring of protection from fire
HPRegen 0.25/turn    (no ring)
MPRegen 0.08/turn

%: no passive effects
@: confused, lethally poisoned (0 -> -8)
A: AC +5, unfitting armour, cold-blooded
a: no special abilities


You were on level 2 of the Dungeon.
You visited 1 branch of the dungeon, and saw 2 of its levels.

You collected 11 gold pieces.

Inventory:

Hand Weapons
 a - a +0 long sword (weapon)
Missiles
 c - 3 throwing nets (quivered)
 d - a javelin
Armour
 b - a +0 hat (worn)
 g - a +0 buckler
Jewellery
 j - a ring of protection from fire (left hand)
Scrolls
 e - a scroll of immolation {unknown}
 h - a scroll of silence {unknown}
 i - a scroll of blinking {unknown}
 k - a scroll of noise {unknown}


   Skills:
 + Level 2.8 Fighting
 + Level 3.4 Long Blades
 - Level 2.1 Throwing
 + Level 3.1 Dodging
 + Level 0.8 Shields


You had 2 spell levels left.
You didn't know any spells.
Your spell library contained the following spells:

 Spells                   Type           Power      Damage    Failure   Level
 Apportation              Tloc           0%         N/A       41%         1
 Ensorcelled Hibernation  Hex/Ice        0%         N/A       54%         2
 Jinxbite                 Hex            0%         N/A       54%         2
 Anguish                  Hex/Necr       0%         N/A       99%         4
 Alistair's Intoxication  Tmut/Pois      0%         N/A       100%        5


Dungeon Overview and Level Annotations

Branches:
Dungeon (2/15)

Altars:


Innate Abilities, Weirdness & Mutations

Your plain brown scales are hard. (AC +5)
You cannot fit into any form of body armour.
You are cold-blooded and may be slowed by cold attacks.


Message History

You slash the orc!
You kill the orc!
An orc comes into view. It is wielding a +0 short sword.
Found 2 viscous clear potions.
The orc shouts!
The orc wizard gestures at you while chanting.
The puff of flame hits you. You resist.
The orc priest casts a cantrip, but nothing happens.
Things that are here:
a +0 dagger; a +0 scale mail It was a potion of curing.
You feel better. The orc hits you with a +0 mace.
The orc priest looks satisfied for a moment.
You hit the orc.
The orc is severely wounded.
An endoplasm comes into view.
The endoplasm quivers.
You hit the orc wizard but do no damage.
The orc wizard gestures at you while chanting.
The magic dart hits you.
The orc priest mumbles some strange prayers to Beogh against you.
Beogh smites you!
Ouch! That really hurt!
* * * LOW HITPOINT WARNING * * *
You feel better.
The orc wizard points at you and mumbles some strange words.
You are confused.
The orc wizard gestures at you while chanting.
You resist with significant effort.
You bump into the rock wall.
The orc wizard casts a spell at you. The magic dart hits you.
You bump into the rock wall.
The orc priest calls upon Beogh to heal the orc.
The orc's wounds heal themselves!
You bump into the rock wall.
The orc wizard hits you with a +1 dagger of venom.
You are poisoned.
The orc priest mumbles some strange prayers to Beogh against you.
Beogh smites you!
You die...

#.#
#######.#######
...............
#######.#######
##...## #....|#
##...## ##.##
#@# #o# #o#


Joo ..).. ....... ......... ..........' #......!...## You could see an orc
priest, an orc wizard, 2 orcs and an endoplasm.

Vanquished Creatures
  A gnoll (D:1)
  2 adders (D:2)
  An orc (D:2)
  A giant cockroach (D:1)
  2 quokkas (D:1)
  4 ball pythons (D:1)
  2 bats (D:1)
  A frilled lizard (D:1)
  3 goblins (D:1)
  2 kobolds (D:1)
  3 rats (D:1)
22 creatures vanquished.

Notes
Turn   | Place    | Note
-------+----------+-------------------------------------------
     0 | D:1      | grandjackal the Draconian Gladiator began the quest for the
                  | Orb.
     0 | D:1      | Reached XP level 1. HP: 17/17 MP: 1/1
    73 | D:1      | Reached XP level 2. HP: 25/25 MP: 2/2
   556 | D:2      | Reached XP level 3. HP: 29/30 MP: 3/3
   750 | D:2      | Killed from afar by an orc priest

Illustrated notes

Levels and vault maps discovered:
D:1:      giann_bridges, layout_rooms
D:2:      layout_loops_corners

Skill      XL: |  1  2 |
---------------+-------+-----
Throwing       | 2 |  2.1
Dodging        | 3 |  3.1
Fighting       | |  2.8
Long Blades    | |  3.4
Shields        | |  0.8

Action                     || total
---------------------------++-------
  Melee: Long sword        ||    75
         Tailslap          ||     5
    Use: Potion            ||     2
 Armour: Skin              ||    48
  Dodge: Dodged            ||    63

Table legend: (Time is in decaauts)
 A = Elapsed time spent in this place.
 B = Non-inter-level travel time spent in this place.
 C = Inter-level travel time spent in this place.
 D = Time resting spent in this place.
 E = Time spent auto-exploring this place.
 F = Levels seen in this place.
 G = Mean time per level.
                   A        B        C        D        E       F      G
               +--------+--------+--------+--------+--------+-----+--------+
         Total |    768 |    711 |     57 |     40 |    474 |   2 |  384.0 |
       Dungeon |    768 |    711 |     57 |     40 |    474 |   2 |  384.0 |
               +--------+--------+--------+--------+--------+-----+--------+

Top non-repeatable levels by time:
     D:1: 546 daAuts
     D:2: 222 daAuts
